 Dungeon Crawl Stone Soup version 0.29.1-4-g47bece8355 (webtiles) character file.

Game seed: 7462179109743071293

12159 GorkyZ the Blocker (level 11, 0/68 HPs)
             Began as a Gargoyle Fighter on Dec 1, 2022.
             Was an Initiate of Gozag.
             Slain by a four-headed hydra (5 damage)
             ... on level 11 of the Dungeon on Dec 2, 2022.
             The game lasted 00:49:48 (13080 turns).

GorkyZ the Blocker (Gargoyle Fighter)              Turns: 13080, Time: 00:49:49

Health: 0/68       AC: 27    Str: 24    XL:     11   Next: 89%
Magic:  11/11      EV: 10    Int:  9    God:    Gozag
Gold:   466        SH:  0    Dex:  9    Spells: 10/10 levels left

rFire   . . .      SeeInvis +   C - +9 flail of Xom's Anger {vamp, Contam +Blink SInv}
rCold   + + .      Faith    .   y - +1 tower shield
rNeg    + + +      Spirit   .   R - quicksilver dragon scales
rPois   ∞          Reflect  .   l - +0 helmet
rElec   +          Harm     .   (no cloak)
rCorr   .          Rampage  .   (no gloves)
Will    .....                   u - +0 pair of boots
Stlth   ..........              (no amulet)
HPRegen 0.21/turn               q - ring of flight
MPRegen 0.12/turn               w - ring "Gumyzej" {rC++ rN++ Will- AC+4}

@: confused, ambrosia-drunk, flying, hasted, studying Shields, very quick
A: sickness immunity, AC +8, negative energy resistance 1, electricity
resistance, torment resistance 1, petrification resistance
a: Renounce Religion, Evoke Blink, Potion Petition, Call Merchant, Bribe Branch


You were on level 11 of the Dungeon.
You worshipped Gozag.
Gozag was aware of your devotion.
You visited 2 branches of the dungeon, and saw 12 of its levels.
You also visited: Sewer.

You collected 1378 gold pieces.
You spent 780 gold pieces at shops.
You paid 132 gold pieces to Gozag.

Inventory:

Hand Weapons
 a - a +1 vorpal war axe
 z - a +0 war axe of freezing
 C - the +9 flail of Xom's Anger (weapon) {vamp, Contam +Blink SInv}
   (You took it off an orc on level 6 of the Dungeon)

   It occasionally heals its wielder for a portion of the damage dealt when it
   wounds a living foe.
   SInv:      It lets you see invisible.
   +Blink:    It lets you blink.
   Contam:    It causes magical contamination when unequipped.
 I - a +0 vorpal mace
 T - a +3 whip
Missiles
 i - 14 poisoned darts (quivered)
 v - 4 curare-tipped darts
 H - 3 silver boomerangs
 J - 4 boomerangs
Armour
 b - a +0 scale mail
 c - a +0 buckler
 e - a scarf of invisibility
 f - a +0 plate armour
 h - a +0 kite shield
 l - a +0 helmet (worn)
 r - a +2 leather armour of fire resistance
 u - a +0 pair of boots (worn)
 y - a +1 tower shield (worn)
 E - the +5 ring mail of Rotation {rElec rF++ Str-4 Int-2 SInv}
   (You took it off an orc on level 6 of the Dungeon)

   Str:       It affects your strength (-4).
   Int:       It affects your intelligence (-2).
   rF:        It greatly protects you from fire.
   rElec:     It insulates you from electricity.
   SInv:      It lets you see invisible.
 R - quicksilver dragon scales (worn)
Jewellery
 q - a ring of flight (left hand)
 w - the ring "Gumyzej" (right hand) {rC++ rN++ Will- AC+4}
   (You found it on level 3 of the Dungeon)

   [ring of protection]

   AC:        It affects your AC (+4).
   rC:        It greatly protects you from cold.
   rN:        It greatly protects you from negative energy.
   Will:      It decreases your willpower.
 A - a ring of fire
 L - a ring of magical power
Wands
 B - a wand of flame (33)
 F - a wand of mindburst (7)
 K - a wand of digging (6)
 O - a wand of acid (10)
 P - a wand of charming (7)
Scrolls
 g - 4 scrolls of teleportation
 D - 4 scrolls of fog
 N - 2 scrolls of identify
Potions
 d - 2 potions of might
 j - 3 potions of mutation
 k - a potion of invisibility
 m - 2 potions of haste
 n - a potion of experience
 o - 5 potions of flight
 p - 2 potions of heal wounds
 s - 4 potions of brilliance
 t - 3 potions of cancellation
 x - 2 potions of magic
 G - 2 potions of lignification
 M - a potion of ambrosia
 Q - a potion of berserk rage {unknown}
 S - a potion of attraction {unknown}


   Skills:
 + Level 8.2 Fighting
 - Level 4.2(5.2) Axes
 + Level 5.0(5.9) Maces & Flails
 + Level 6.0 Throwing
 + Level 8.2 Armour
 + Level 4.9 Dodging
 * Level 14.0 Shields
 + Level 6.1 Evocations


You had 10 spell levels left.
You didn't know any spells.
Your spell library contained the following spells:

 Spells                   Type           Power      Damage    Failure   Level
 Apportation              Tloc           0%         N/A       94%         1
 Necrotise                Necr           0%         1d4       94%         1
 Summon Small Mammal      Summ           0%         N/A       94%         1
 Ensorcelled Hibernation  Hex/Ice        0%         N/A       98%         2
 Passwall                 Tmut/Erth      0%         N/A       98%         2
 Call Canine Familiar     Summ           0%         N/A       100%        3
 Summon Guardian Golem    Hex/Summ       0%         N/A       100%        3
 Swiftness                Air            0%         N/A       100%        3
 Vampiric Draining        Necr           0%         2d6       100%        3
 Agony                    Necr           0%         N/A       100%        5


Dungeon Overview and Level Annotations

Branches:
Dungeon (11/15)            Temple (1/1) D:6            Lair (0/5) D:8
    Orc (0/2) D:11          Sewer (visited)

Altars:
Ashenzari
Dithmenos
Fedhas
Gozag
Hepliaklqana
Makhleb
Qazlal
Sif Muna
Yredelemnul
Zin

Shops:
D:7 [   D:10 [


Innate Abilities, Weirdness & Mutations

You are immune to sickness and miasma.
Your stone body is resilient. (AC +8)
You are immune to poison.
You resist negative energy. (rN+)
You are resistant to electric shocks. (rElec)
You are resistant to unholy torment.
You are immune to petrification.


Message History

The four-headed hydra bites you but does no damage.
You see here 7 stones.
You thump the four-headed hydra!
You feel better.
The four-headed hydra is severely wounded.
The four-headed hydra bites you but does no damage.
You block the four-headed hydra's attack.
The four-headed hydra bites you. x2
You sock the four-headed hydra!
You feel better.
The four-headed hydra is almost dead.
You block the four-headed hydra's attack.
The four-headed hydra completely misses you.
The four-headed hydra barely misses you.
You block the four-headed hydra's attack.
You sock the four-headed hydra!
The four-headed hydra is almost dead.
You block the four-headed hydra's attack. x2
The four-headed hydra bites you!
You block the four-headed hydra's attack.
The four-headed hydra bites you!
* * * LOW HITPOINT WARNING * * *
The four-headed hydra bites you!
* * * LOW HITPOINT WARNING * * *
The four-headed hydra bites you but does no damage. x2
You feel much better. The four-headed hydra bites you!
You block the four-headed hydra's attack.
The four-headed hydra bites you!
* * * LOW HITPOINT WARNING * * *
You block the four-headed hydra's attack.
Unknown command.
You are confused.
You feel invigorated. The four-headed hydra bites you!
* * * LOW HITPOINT WARNING * * *
The four-headed hydra closely misses you.
The four-headed hydra bites you but does no damage.
The four-headed hydra barely misses you.
You feel yourself speed up.
The four-headed hydra bites you but does no damage.
The four-headed hydra bites you.
You die...
Your body crumbles into a pile of gold.

.......# #.........# # .......#
#.........# # .......#
#..)......# # .......#
#####...################
.................#.....#.........
##########.###...8.....###.######
# ##.o))....# #.# # # ##D8..⌠..#
#(# # # #@#.....# #.# # #
#.#.....###.# # #######
#.#####.#8._.>#...###### .......
........#.....###....... ######.
###.#.#.#.....# #.###### #
#.#.8..⌠.)# #.# # #...'.....# #.#
# ###.8.....###.# # #
#.#.....#...# #


You could see a four-headed hydra and an orc.

Vanquished Creatures
  A hydra (D:11)
  2 two-headed ogres (D:10)
  A manticore (D:11)
  A cyclops (D:11)
  The ghost of ripuliukko the Digger, a novice GrEE of Vehumet (D:6)
  A kobold demonologist (D:8)
  A troll (D:10)
  2 hornets
  Grinder (D:3)
  3 yaks (D:8)
  A wraith (D:10)
  A vampire (D:11)
  2 wyverns
  3 shadows
  A steam dragon (D:9)
  Menkaure (D:5)
  3 water moccasins
  3 sky beasts
  Duvessa (D:6)
  6 orc warriors
  4 ice beasts
  A black bear (D:7)
  6 ogres
  A centaur (D:8)
  2 phantoms (D:6)
  2 kobold brigands
  Blork the orc (D:5)
  2 bullfrogs
  A scorpion (D:6)
  2 necrophages (D:5)
  4 wights (D:8)
  Dowan (D:6)
  30 killer bees
  8 howler monkeys
  3 hounds
  A jelly (D:6)
  5 orc priests
  A gnoll bouda (D:8)
  4 iguanas
  5 orc wizards
  11 gnolls
  8 river rats
  13 adders
  A shadow imp (D:8)
  2 ufetubi
  A worm (D:4)
  3 dart slugs
  40 orcs
  9 endoplasms
  4 giant cockroaches (D:4)
  3 goblins
  6 hobgoblins
  7 jackals
  28 kobolds
  6 quokkas
  10 ball pythons
  6 bats
  8 frilled lizards
  32 rats
318 creatures vanquished.

Vanquished Creatures (collateral kills)
  Lodul (D:10)
  3 ogres (D:10)
4 creatures vanquished.

Vanquished Creatures (others)
  5 fungi (D:5)
  4 withered plants (D:9)
9 creatures vanquished.

Grand Total: 331 creatures vanquished

Notes
Turn   | Place    | Note
-------+----------+-------------------------------------------
     0 | D:1      | GorkyZ the Gargoyle Fighter began the quest for the Orb.
     0 | D:1      | Reached XP level 1. HP: 14/14 MP: 1/1
     0 | D:1      | Upgraded the game from 0.29.1-2-gbd0b4ee654 to
                  | 0.29.1-4-g47bece8355
   287 | D:1      | Reached XP level 2. HP: 18/19 MP: 2/2
  1402 | D:2      | Reached XP level 3. HP: 23/23 MP: 3/3
  1674 | D:2      | Reached skill level 1 in Throwing
  1760 | D:2      | Reached skill level 1 in Dodging
  1760 | D:2      | Reached XP level 4. HP: 23/28 MP: 4/4
  1993 | D:2      | Found a faded altar of an unknown god.
  2011 | D:2      | Reached skill level 1 in Evocations
  2452 | D:3      | Identified the ring "Gumyzej" {rC++ rN++ Will- AC+4}
  2571 | D:3      | Noticed Grinder
  2595 | D:3      | HP: 1/29 [gnoll/+0 spear (7)]
  2609 | D:3      | Reached XP level 5. HP: 30/33 MP: 5/5
  2615 | D:3      | Paralysed by Grinder for 5 turns
  2622 | D:3      | Killed Grinder
  2623 | D:3      | Reached skill level 4 in Shields
  2623 | D:3      | Reached XP level 6. HP: 6/38 MP: 6/6
  3207 | D:3      | You are sucked into a shaft and drop 2 floors!
  3207 | D:5      | Entered Level 5 of the Dungeon
  3232 | D:5      | Noticed Menkaure
  3452 | D:4      | Found a shimmering blue altar of Sif Muna.
  3636 | D:4      | Reached XP level 7. HP: 34/44 MP: 7/7
  3720 | D:4      | Found a glowing drain.
  3735 | Sewer    | Entered a sewer
  4611 | D:4      | Found a blossoming altar of Fedhas.
  4883 | D:3      | Found a stormy altar of Qazlal.
  5182 | D:5      | Identified a scroll of acquirement
  5182 | D:5      | Acquired a manual of Shields
  5218 | D:5      | Reached skill level 5 in Shields
  5335 | D:5      | Killed Menkaure
  5336 | D:5      | Reached XP level 8. HP: 48/48 MP: 8/8
  5492 | D:5      | Noticed Blork the orc
  5506 | D:5      | Killed Blork the orc
  5507 | D:5      | Reached skill level 5 in Fighting
  5507 | D:5      | Reached skill level 5 in Armour
  5731 | D:5      | Reached skill level 6 in Shields
  6036 | D:5      | HP: 1/49 [orc priest/divine providence (16)]
  6716 | D:6      | Noticed Duvessa
  6717 | D:6      | Noticed Dowan
  6730 | D:6      | Killed Dowan
  6731 | D:6      | Reached skill level 7 in Shields
  6742 | D:6      | Killed Duvessa
  6882 | D:6      | Reached XP level 9. HP: 24/54 MP: 9/9
  7235 | D:6      | Reached skill level 8 in Shields
  7357 | D:6      | Identified the +9 flail of Xom's Anger {vamp, Contam +Blink
                  | SInv}
  7357 | D:6      | Identified the +5 ring mail of Rotation {rElec rF++ Str-4
                  | Int-2 SInv}
  7745 | D:6      | Found a runed translucent gate.
  7747 | D:6      | Found a runed translucent gate.
  7748 | D:6      | Found a runed translucent gate.
  7749 | D:6      | Noticed ripuliukko's ghost (novice GrEE)
  8117 | D:6      | Found a staircase to the Ecumenical Temple.
  8219 | D:6      | Killed ripuliukko's ghost
  8220 | D:6      | Reached skill level 1 in Maces & Flails
  8220 | D:6      | Reached skill level 9 in Shields
  8542 | D:7      | Reached skill level 10 in Shields
  8542 | D:7      | Reached XP level 10. HP: 61/61 MP: 10/10
  8704 | D:7      | Found Ditan's Armour Shop.
  8985 | D:8      | Noticed a kobold demonologist
  8995 | D:8      | Killed a kobold demonologist
  9175 | D:8      | Reached skill level 11 in Shields
  9205 | D:8      | Found a staircase to the Lair.
  9284 | D:8      | Reached skill level 5 in Evocations
  9448 | D:8      | Found a broken altar of Ashenzari.
  9449 | D:8      | Found a glowing silver altar of Zin.
  9715 | D:8      | Found a burning altar of Makhleb.
  9715 | D:8      | Noticed a blizzard demon
 10113 | Temple   | Entered the Ecumenical Temple
 10119 | Temple   | Became a worshipper of Gozag Ym Sagoz the Greedy
 10301 | D:9      | Reached skill level 5 in Throwing
 10474 | D:9      | Found a basalt altar of Yredelemnul.
 10485 | D:9      | Reached skill level 12 in Shields
 10764 | D:9      | Reached XP level 11. HP: 67/67 MP: 11/11
 11011 | D:10     | Entered Level 10 of the Dungeon
 11018 | D:10     | Found Zouph's Armour Emporium.
 11161 | D:10     | Noticed a two-headed ogre
 11180 | D:10     | Killed a two-headed ogre
 11194 | D:10     | Identified the +1 robe "Ceroapn" {Dex+5}
 11312 | D:10     | Noticed a two-headed ogre
 11326 | D:10     | Killed a two-headed ogre
 11688 | D:10     | Found a hazy altar of Hepliaklqana.
 11689 | D:10     | Found a shadowy altar of Dithmenos.
 11785 | D:10     | Reached skill level 13 in Shields
 11786 | D:10     | Noticed Lodul
 11811 | D:10     | Killed Lodul
 12348 | D:10     | Bought quicksilver dragon scales for 780 gold pieces
 12438 | D:11     | Noticed a seven-headed hydra
 12495 | D:11     | Killed a seven-headed hydra
 12766 | D:11     | Noticed a cyclops
 12772 | D:11     | Killed a cyclops
 12772 | D:11     | Noticed a manticore
 12787 | D:11     | Killed a manticore
 12990 | D:11     | Reached skill level 5 in Maces & Flails
 13011 | D:11     | Found a staircase to the Orcish Mines.
 13026 | D:11     | Reached skill level 14 in Shields
 13066 | D:11     | Noticed a four-headed hydra
 13079 | D:11     | HP: 1/68 [four-headed hydra (12)]
 13080 | D:11     | Slain by a four-headed hydra

Illustrated notes

Levels and vault maps discovered:
D:1:      wander_arrival_chamber, layout_basic
D:2:      minmay_inner_zag, layout_loops_ring,
          shapermc_ecumenical_altar_totnotflames
D:3:      layout_loops_ring, nicolae_overflow_hidden_temple,
          dreamdust_princess_corridor, uniq_grinder
D:4:      layout_gridville, fedhas_altar_1, nicolae_sif_muna_condensation,
          portal_sewer_entry_e, due_unseen_surprise
D:5:      wander_river, layout_loops_ring, serial_aquarium,
          aquarium_bridge_square [aquarium_subvault_bridge,
          aquarium_subvault_bridge, aquarium_subvault_wall,
          aquarium_subvault_balcony], aquarium_window_corridor_2,
          aquarium_window_fake, aquarium_window_1, aquarium_window_corner,
          aquarium_view_2e, aquarium_view_2c, aquarium_pool_five,
          kennysheep_pointless_box, uniq_blork_the_orc, uniq_menkaure
D:6:      layout_loops_ring, temple_hall, ebering_ghost_rock_garden,
          uniq_duvessa
D:7:      layout_cave_pools, serial_shops, kennysheep_little_box
D:8:      nicolae_cairo_tiling_large_dashed, layout_basic,
          makhleb_altar_promises_db, mainiacjoe_overflow_divided_tiny
D:9:      layout_basic, yredelemnul_altar_generic
D:10:     layout_long_grid, riverfiend_overflow_shadow_ancestor, serial_shops,
          nicolae_square_shop, uniq_lodul
D:11:     layout_small_grid, david_orc_5
Temple:   dshaligram_water_room_temple

Skill      XL: |  1  2  3  4  5  6  7  8  9 10 11 |
---------------+----------------------------------+-----
Axes           | 2 3 4 |  4.2
Throwing       | 1 2 3 4 5 6 |  6.0
Dodging        | 1 2 3 4 |  4.9
Evocations     | 1 2 3 4 5 6 |  6.1
Fighting       | 4 5 6 7 8 |  8.2
Armour         | 4 5 6 7 8 |  8.2
Shields        | 4 5 7 10 12 14 | 14.0
Maces & Flails | 2 3 5 |  5.0

Action                   |  1- 3 |  4- 6 |  7- 9 | 10-12 || total
-------------------------+-------+-------+-------+-------++-------
Melee: War axe           |    95 |   189 |   368 |       ||   652
       Flail             |       |       |    86 |   482 ||   568
Throw: Dart              |       |       |     6 |    22 ||    28
Evoke: Wand              |       |       |       |     1 ||     1
  Use: Scroll            |       |    10 |    11 |     7 ||    28
       Potion            |       |     4 |     2 |     5 ||    11
 Stab: Distracted        |       |       |       |     3 ||     3
Armor: Scale mail        |    44 |     7 |       |       ||    51
       Leather armour    |       |   109 |    94 |       ||   203
       Plate armour      |       |       |   143 |       ||   143
       Ring mail         |       |       |    70 |   280 ||   350
       Quicksilver drago |       |       |       |    74 ||    74
Dodge: Dodged            |    36 |   108 |   168 |   232 ||   544
Block: Buckler           |     4 |       |       |       ||     4
       Kite shield       |    36 |    98 |   118 |       ||   252
       Tower shield      |       |       |   247 |   609 ||   856
